PIO (24 & UNDER)
SALEM SLEDGEHAMMERS @ JASPER COUGARS
10/13/2026
 
TOP OF THE 1ST
Salem Sledgehammers batting - Pitching for Jasper Cougars : RHP Rien Middelkamp
Pitching: RHP Rien Middelkamp
Batting: RHB Luis Bustamante 0-0: Foul Ball, location: 2F
0-1: Fly out, F8 (Flyball, 8LD)
Batting: LHB José Rivera 0-0: Foul Ball, location: 2F
0-1: Ground out 4-3 (Groundball, 34)
Batting: LHB Nathan Frey 0-0: Ball
1-0: Ball
2-0: Called Strike
2-1: Ball
3-1: Base on Balls
Batting: SHB Enrique Uribe 0-0: Called Strike
0-1: Swinging Strike
0-2: Foul Ball, location: 2F
0-2: Strikes out looking
Top of the 1st over - 0 run(s), 0 hit(s), 0 error(s), 1 left on base; Salem 0 - Jasper 0
BOTTOM OF THE 1ST
Jasper Cougars batting - Pitching for Salem Sledgehammers : RHP Carlos Morán
Pitching: RHP Carlos Morán
Batting: SHB Carlos Córdova 0-0: Foul Ball, location: 2F
0-1: Foul Ball, location: 2F
0-2: Foul Ball, location: 2F
0-2: Strikes out looking
Batting: LHB António Camacho 0-0: Ball
1-0: TRIPLE (Groundball, 5L)
Batting: RHB David Hernández 0-0: Ball
1-0: Fly out, F8 (Flyball, 8LM)
Runner from 3rd tags up, SCORES, no throw
Batting: SHB Ron Edwards 0-0: Ball
1-0: Foul Ball, location: 2F
1-1: Ground out 4-3 (Groundball, 4M)
Bottom of the 1st over - 1 run(s), 1 hit(s), 0 error(s), 0 left on base; Salem 0 - Jasper 1
TOP OF THE 2ND
Salem Sledgehammers batting - Pitching for Jasper Cougars : RHP Rien Middelkamp
Batting: RHB Bobby Miller 0-0: Called Strike
0-1: Swinging Strike
0-2: Foul Ball, location: 2F
0-2: Foul Ball, location: 2F
0-2: Foul Ball, location: 2F
0-2: Foul Ball, location: 2F
0-2: Ball
1-2: Foul Ball, location: 2F
1-2: Ball
2-2: Ground out 5-3 (Groundball, 5S)
Batting: SHB Júlio Salazar 0-0: Fly out, F3 (Line Drive, 3)
Batting: RHB Patrick Daniels 0-0: Ball
1-0: Ball
2-0: Ball
3-0: Base on Balls
Batting: LHB Caleb Hall 0-0: Called Strike
0-1: Ball
1-1: Foul Ball, location: 2F
1-2: Foul Ball, location: 2F
1-2: Foul Ball, location: 2F
1-2: Strikes out swinging
Top of the 2nd over - 0 run(s), 0 hit(s), 0 error(s), 1 left on base; Salem 0 - Jasper 1
BOTTOM OF THE 2ND
Jasper Cougars batting - Pitching for Salem Sledgehammers : RHP Carlos Morán
Batting: RHB George Reeves 0-0: Ground out 5-3 (Groundball, 5S)
Batting: LHB Kyle Harrison 0-0: Called Strike
0-1: Called Strike
0-2: Ball
1-2: SINGLE (Flyball, 4MD)
Batting: SHB Rafael Acosta 0-0: Foul Ball, location: 2F
0-1: Swinging Strike
0-2: Strikes out swinging
Batting: RHB José Maldonado 0-0: Called Strike
0-1: Ball
1-1: Ball
2-1: Foul Ball, location: 2F
2-2: SINGLE (Line Drive, 6D)
Kyle Harrison to second
Batting: LHB John Stone 0-0: Ball
1-0: Ball
2-0: Called Strike
2-1: Foul Ball, location: 2F
2-2: Foul Ball, location: 2F
2-2: Ball
3-2: Base on Balls
Kyle Harrison to third
José Maldonado to second
Batting: SHB Carlos Córdova 0-0: Called Strike
0-1: Foul Ball, location: 2F
0-2: Ball
1-2: Fly out, F6 (Popup, 56D)
Bottom of the 2nd over - 0 run(s), 2 hit(s), 0 error(s), 3 left on base; Salem 0 - Jasper 1
TOP OF THE 3RD
Salem Sledgehammers batting - Pitching for Jasper Cougars : RHP Rien Middelkamp
Batting: RHB Lakota O'Reilly 0-0: Ball
1-0: DOUBLE (Groundball, 5L)
Batting: RHB Luis Bustamante 0-0: Called Strike
0-1: Foul Ball, location: 2F
0-2: Ball
1-2: Strikes out swinging
Batting: LHB José Rivera 0-0: Fly out, F5 (Popup, 5SF)
Batting: LHB Nathan Frey 0-0: Foul Ball, location: 2F
0-1: Ball
1-1: Ball
2-1: Ball
3-1: Fly out, F8 (Flyball, 8LD)
Top of the 3rd over - 0 run(s), 1 hit(s), 0 error(s), 1 left on base; Salem 0 - Jasper 1
BOTTOM OF THE 3RD
Jasper Cougars batting - Pitching for Salem Sledgehammers : RHP Carlos Morán
Batting: LHB António Camacho 0-0: Called Strike
0-1: Swinging Strike
0-2: Ball
1-2: SINGLE (Groundball, 3L)
Batting: RHB David Hernández 0-0: Foul Ball, location: 2F
0-1: Called Strike
0-2: Ball
1-2: Ball
2-2: Ball
3-2: SINGLE (Line Drive, 7S)
António Camacho to second
Batting: SHB Ron Edwards 0-0: Foul Ball, location: 2F
0-1: Ball
1-1: Ball
2-1: Ball
3-1: Base on Balls
António Camacho to third
David Hernández to second
Batting: RHB George Reeves 0-0: Called Strike
0-1: Fly out, F9 (Flyball, 9M)
Runner from 3rd tags up, SCORES, no throw
Batting: LHB Kyle Harrison 0-0: Foul Ball, location: 2F
0-1: Ball
1-1: Ball
2-1: Foul Ball, location: 2F
2-2: Strikes out swinging
Batting: SHB Rafael Acosta 0-0: Swinging Strike
0-1: Ball
1-1: Fly out, F7 (Flyball, 7M)
Bottom of the 3rd over - 1 run(s), 2 hit(s), 0 error(s), 2 left on base; Salem 0 - Jasper 2
TOP OF THE 4TH
Salem Sledgehammers batting - Pitching for Jasper Cougars : RHP Rien Middelkamp
Batting: SHB Enrique Uribe 0-0: Foul Ball, location: 2F
0-1: Ball
1-1: Ball
2-1: Ball
3-1: Called Strike
3-2: Ground out 4-3 (Groundball, 4)
Batting: RHB Bobby Miller 0-0: Called Strike
0-1: Foul Ball, location: 2F
0-2: Ball
1-2: Strikes out looking
Batting: SHB Júlio Salazar 0-0: Ball
1-0: Bunted foul
1-1: Ball
2-1: Fly out, F9 (Flyball, 89M)
Top of the 4th over - 0 run(s), 0 hit(s), 0 error(s), 0 left on base; Salem 0 - Jasper 2
BOTTOM OF THE 4TH
Jasper Cougars batting - Pitching for Salem Sledgehammers : RHP Carlos Morán
Batting: RHB José Maldonado 0-0: Ball
1-0: Swinging Strike
1-1: Called Strike
1-2: Ball
2-2: Strikes out swinging
Batting: LHB John Stone 0-0: SINGLE (Groundball, 6MS) (infield hit)
Batting: SHB Carlos Córdova 0-0: Ball
1-0: Called Strike
John Stone steals 2nd base
1-1: Ball
2-1: Ball
3-1: Foul Ball, location: 2F
3-2: Foul Ball, location: 2F
3-2: Strikes out swinging
Batting: LHB António Camacho 0-0: Ball
1-0: Called Strike
1-1: SINGLE (Groundball, 34D)
John Stone to third
Runner from 3rd tries for Home, SAFE, no throw or cutoff
Batting: RHB David Hernández 0-0: Ball
1-0: Called Strike
1-1: Ball
2-1: Foul Ball, location: 2F
2-2: Ground out 6-3 (Groundball, 6)
Bottom of the 4th over - 1 run(s), 2 hit(s), 0 error(s), 1 left on base; Salem 0 - Jasper 3
TOP OF THE 5TH
Salem Sledgehammers batting - Pitching for Jasper Cougars : RHP Rien Middelkamp
Batting: RHB Patrick Daniels 0-0: Swinging Strike
0-1: Ball
1-1: Swinging Strike
1-2: Foul Ball, location: 2F
1-2: Ground out 1-3 (Groundball, 13S)
Batting: LHB Caleb Hall 0-0: Fly out, F6 (Popup, 6M)
Batting: RHB Lakota O'Reilly 0-0: Ball
1-0: Fly out, F9 (Flyball, 89D)
Top of the 5th over - 0 run(s), 0 hit(s), 0 error(s), 0 left on base; Salem 0 - Jasper 3
BOTTOM OF THE 5TH
Jasper Cougars batting - Pitching for Salem Sledgehammers : RHP Carlos Morán
Batting: SHB Ron Edwards 0-0: Foul Ball, location: 2F
0-1: Ground out U3 (Groundball, 3S)
Batting: RHB George Reeves 0-0: Ball
1-0: Foul Ball, location: 2F
1-1: Ball
2-1: Foul Ball, location: 2F
2-2: Foul Ball, location: 2F
2-2: Ground out 6-3 (Groundball, 6)
Batting: LHB Kyle Harrison 0-0: Foul Ball, location: 2F
0-1: Ball
1-1: Foul Ball, location: 2F
1-2: Strikes out looking
Bottom of the 5th over - 0 run(s), 0 hit(s), 0 error(s), 0 left on base; Salem 0 - Jasper 3
TOP OF THE 6TH
Salem Sledgehammers batting - Pitching for Jasper Cougars : RHP Rien Middelkamp
Batting: RHB Luis Bustamante 0-0: Ground out 6-3 (Groundball, 6M)
Batting: LHB José Rivera 0-0: Ground out U3 (Groundball, 3S)
Batting: LHB Nathan Frey 0-0: Ground out 6-3 (Groundball, 6M)
Top of the 6th over - 0 run(s), 0 hit(s), 0 error(s), 0 left on base; Salem 0 - Jasper 3
BOTTOM OF THE 6TH
Jasper Cougars batting - Pitching for Salem Sledgehammers : RHP Carlos Morán
Pitching: LHP Sean Yarbrough
Batting: SHB Rafael Acosta 0-0: Ground out 6-3 (Groundball, 6MS)
Batting: RHB José Maldonado 0-0: Ball
1-0: Ball
2-0: Ball
3-0: Called Strike
3-1: Ground out 4-3 (Groundball, 34)
Batting: LHB John Stone 0-0: Called Strike
0-1: Ball
1-1: Ball
2-1: Foul Ball, location: 2F
2-2: Ball
3-2: Foul Ball, location: 2F
3-2: Strikes out swinging
Bottom of the 6th over - 0 run(s), 0 hit(s), 0 error(s), 0 left on base; Salem 0 - Jasper 3
TOP OF THE 7TH
Salem Sledgehammers batting - Pitching for Jasper Cougars : RHP Rien Middelkamp
Batting: SHB Enrique Uribe 0-0: Ball
1-0: Foul Ball, location: 2F
1-1: SOLO HOME RUN (Flyball, 9D), Distance : 368 ft
Batting: RHB Bobby Miller 0-0: Called Strike
0-1: Ball
1-1: Ground out 5-3 (Groundball, 5L)
Batting: SHB Júlio Salazar 0-0: Swinging Strike
0-1: Ball
1-1: Called Strike
1-2: Ground out U3 (Groundball, 3L)
Batting: RHB Patrick Daniels 0-0: Called Strike
0-1: Foul Ball, location: 2F
0-2: Ball
1-2: Ground out 2-3 (Groundball, 2R)
Top of the 7th over - 1 run(s), 1 hit(s), 0 error(s), 0 left on base; Salem 1 - Jasper 3
BOTTOM OF THE 7TH
Jasper Cougars batting - Pitching for Salem Sledgehammers : LHP Sean Yarbrough
Batting: SHB Carlos Córdova 0-0: Called Strike
0-1: Swinging Strike
0-2: Foul Ball, location: 2F
0-2: Ball
1-2: Ball
2-2: Ball
3-2: Strikes out swinging
Batting: LHB António Camacho 0-0: Ball
1-0: Called Strike
1-1: SINGLE (Flyball, 7LS)
Batting: RHB David Hernández 0-0: Ball
1-0: Grounds into double play, 6-4-3 (Groundball, 6M)
Bottom of the 7th over - 0 run(s), 1 hit(s), 0 error(s), 0 left on base; Salem 1 - Jasper 3
TOP OF THE 8TH
Salem Sledgehammers batting - Pitching for Jasper Cougars : RHP Rien Middelkamp
Pitching: RHP José Orozco
Batting: LHB Caleb Hall 0-0: Ball
1-0: Called Strike
1-1: Called Strike
1-2: Strikes out swinging
Batting: RHB Lakota O'Reilly 0-0: Ball
1-0: SINGLE (Flyball, 9LS)
Batting: RHB Luis Bustamante 0-0: Swinging Strike
0-1: Swinging Strike
0-2: Ball
1-2: Ball
2-2: Ball
3-2: Strikes out swinging
Pitching: LHP Alfredo Maestas
Batting: LHB José Rivera 0-0: Ball
1-0: Ball
2-0: Ball
3-0: Called Strike
3-1: Base on Balls
Lakota O'Reilly to second
Batting: LHB Nathan Frey 0-0: Called Strike
0-1: Ball
1-1: Ball
2-1: Ball
3-1: Called Strike
3-2: Strikes out swinging
Top of the 8th over - 0 run(s), 1 hit(s), 0 error(s), 2 left on base; Salem 1 - Jasper 3
BOTTOM OF THE 8TH
Jasper Cougars batting - Pitching for Salem Sledgehammers : LHP Sean Yarbrough
Pitching: RHP Blake Koepke
Batting: SHB Ron Edwards 0-0: Ball
1-0: Ball
2-0: Called Strike
2-1: Foul Ball, location: 2F
2-2: SOLO HOME RUN (Flyball, 8LXD), Distance : 423 ft
Batting: RHB George Reeves 0-0: Ball
1-0: Ball
2-0: SINGLE (Groundball, 6MD)
Batting: LHB Kyle Harrison 0-0: Ball
1-0: Bunted foul
1-1: Bunted foul
1-2: Foul Ball, location: 2F
1-2: Foul Ball, location: 2F
1-2: Foul Ball, location: 2F
1-2: Grounds into double play, U6-3 (Groundball, 6M)
Batting: SHB Rafael Acosta 0-0: Ball
1-0: Fly out, F5 (Popup, 5S)
Bottom of the 8th over - 1 run(s), 2 hit(s), 0 error(s), 0 left on base; Salem 1 - Jasper 4
TOP OF THE 9TH
Salem Sledgehammers batting - Pitching for Jasper Cougars : LHP Alfredo Maestas
Pitching: LHP Alberto Guerra
Batting: SHB Enrique Uribe 0-0: Ball
1-0: Fly out, F8 (Flyball, 8RM)
Batting: RHB Bobby Miller 0-0: SINGLE (Groundball, 56D)
Batting: SHB Júlio Salazar 0-0: Ball
1-0: Ball
2-0: Ball
3-0: Called Strike
3-1: Foul Ball, location: 2F
3-2: Strikes out swinging
Throwing error on steal attempt, E2
Bobby Miller to third
Batting: RHB Patrick Daniels 0-0: SINGLE (Groundball, 6MD)
Bobby Miller scores
Pinch Hitting: RHB Gilberto Silva 0-0: Called Strike
0-1: Swinging Strike
0-2: Ball
1-2: Ground out 1-3 (Groundball, 15)
Top of the 9th over - 1 run(s), 2 hit(s), 1 error(s), 1 left on base; Salem 2 - Jasper 4
Monday, December 5th, 2016 - OOTP Baseball 17.12 Build 75